[Event "II. Magyar E-mail Döntõ"]
[Site "E4EC"]
[Date "2005.01.07"]
[Round "1"]
[White "Jánosi, Ervin"]
[Black "Darvasi, Ferenc"]
[Board "7095"]
[TimeControl "10/50"]
[WhiteElo "2385"]
[BlackElo "2315"]
[WhiteCountry "HUN"]
[BlackCountry "HUN"]
[Result "0-1"]

1.d4 Nf6 2.c4 e6 3.Nc3 Bb4 4.e3 c5 5.Nge2 cxd4 6.exd4 O-O 7.a3 Be7
8.d5 exd5 9.cxd5 Re8 10.d6 Bf8 11.Bf4 Qb6 12.Qd2 Nc6 13.Be3 Qa5
14.Nf4 Qe5 15.O-O-O Ng4 16.Bd3 Nxe3 17.Qxe3 Qxe3+ 18.fxe3 Bxd6
19.Bxh7+ Kxh7 20.Rxd6 Rxe3 21.Kd2 Re5 22.b4 f6 23.Rc1 b6 24.g3 Re7
25.h4 Bb7 26.Ncd5 Rf7 27.b5 Ne5 28.Nd3 Nf3+ 29.Kd1 Rc8 30.Rxc8 Bxc8
31.a4 Bb7 32.Nxb6 axb6 33.Rxb6 Be4 34.Rd6 Re7 35.Kc1 Re8 36.Rxd7 Ra8
37.b6 Rxa4 38.b7 Bxb7 39.Rxb7 Rg4 40.h5 Ng5 41.Kd2 Ne4+ 42.Ke3 Nxg3
43.Kf3 Rg5 44.Nf4 Nxh5 45.Ne6 Ra5 46.Nd8 Ra6 47.Re7 Kh6 0-1

[Event "II. Magyar E-mail Döntõ"]
[Site "E4EC"]
[Date "2005.01.07"]
[Round "1"]
[White "Jánosi, Ervin"]
[Black "Száva, Miklós"]
[Board "7096"]
[TimeControl "10/50"]
[WhiteElo "2385"]
[BlackElo "2021"]
[WhiteCountry "HUN"]
[BlackCountry "HUN"]
[Result "1/2-1/2"]

1.d4 Nf6 2.Nf3 g6 3.g3 Bg7 4.Bg2 O-O 5.O-O d5 6.c4 dxc4 7.Na3 c3
8.bxc3 c5 9.e3 Nc6 10.Qe2 Bg4 11.h3 Be6 12.e4 cxd4 13.Rd1 Qc8
14.cxd4 Bxh3 15.d5 Bxg2 16.Kxg2 Nxd5 17.exd5 Bxa1 18.dxc6 Qxc6
19.Bh6 Bg7 20.Bxg7 Kxg7 21.Qxe7 Rfe8 22.Qb4 Rad8 23.Rxd8 Rxd8
24.Nc4 Rd5 25.Ne3 Rd3 26.Qf4 a6 27.Ng4 f6 28.Qh6+ Kg8 29.Qf4 Rd6
30.Nh6+ Kg7 31.Ng4 g5 32.Qb4 h5 33.Ne3 Re6 34.Nf5+ Kg6 35.N5d4 Qe4
36.Kh2 Re8 37.Qd6 Rg8 38.a3 Rg7 39.a4 Rh7 40.Qd8 h4 41.gxh4 gxh4
42.Qc8 Kh5 43.a5 Kg6 44.Qh3 Rh5 45.Qg2+ Kh6 46.Qg8 Rxa5 1/2-1/2

[Event "II. Magyar E-mail Döntõ"]
[Site "E4EC"]
[Date "2005.01.07"]
[Round "1"]
[White "Jánosi, Ervin"]
[Black "Oltean, Gusztav"]
[Board "7097"]
[TimeControl "10/50"]
[WhiteElo "2385"]
[BlackElo "2069"]
[WhiteCountry "HUN"]
[BlackCountry "HUN"]
[Result "1-0"]

1.d4 c6 2.c4 d5 3.Nf3 Nf6 4.Nc3 dxc4 5.a4 Bf5 6.e3 e6 7.Bxc4 Bb4
8.O-O Nbd7 9.Qe2 Ne4 10.Nxe4 Bxe4 11.Nd2 Bg6 12.Nb3 a5 13.Bd2 Qb6
14.Bc3 O-O 15.e4 Nf6 16.f3 Nd5 17.Bd2 Bxd2 18.Qxd2 Nb4 19.Rae1 Nd5
20.f4 Nf6 21.f5 exf5 22.exf5 Bh5 23.h3 Qc7 24.Re3 Rfd8 25.g4 b5 26.Be2 1-0

[Event "II. Magyar E-mail Döntõ"]
[Site "E4EC"]
[Date "2005.01.07"]
[Round "1"]
[White "Jánosi, Ervin"]
[Black "Lakatos, András"]
[Board "7098"]
[TimeControl "10/50"]
[WhiteElo "2385"]
[BlackElo "2222"]
[WhiteCountry "HUN"]
[BlackCountry "HUN"]
[Result "1/2-1/2"]

1.e4 e6 2.d4 d5 3.Nc3 dxe4 4.Nxe4 Bd7 5.Nf3 Bc6 6.Bd3 Nd7 7.O-O Ngf6
8.Ng3 Be7 9.Re1 O-O 10.c3 h6 11.a4 a5 12.b3 b6 13.Bb5 Bb7 14.Qe2 c5
15.Nf5 exf5 16.Qxe7 Bxf3 17.Qxd8 Rfxd8 18.gxf3 cxd4 19.cxd4 Nf8
20.Bb2 Rd6 21.Re7 Ne6 22.Bc4 Rad8 23.Rb7 R8d7 24.Rb8+ Rd8 25.Rb7 R8d7
26.Rb8+ 1/2-1/2

[Event "II. Magyar E-mail Döntõ"]
[Site "E4EC"]
[Date "2005.01.07"]
[Round "1"]
[White "Jánosi, Ervin"]
[Black "Csólig, Róbert"]
[Board "7100"]
[TimeControl "10/50"]
[WhiteElo "2385"]
[BlackElo "2150"]
[WhiteCountry "HUN"]
[BlackCountry "HUN"]
[Result "1/2-1/2"]

1.Nf3 d5 2.d4 c6 3.c4 Nf6 4.Nc3 dxc4 5.a4 Bf5 6.e3 e6 7.Bxc4 Bb4
8.O-O Nbd7 9.Qe2 O-O 10.e4 Bg6 11.Bd3 Bh5 12.e5 Nd5 13.Nxd5 cxd5
14.Qe3 Be7 15.a5 Nb8 16.Bd2 a6 17.Ng5 Bxg5 18.Qxg5 Qxg5 19.Bxg5 Nc6
20.Ra4 Bg6 21.Bxg6 hxg6 22.Be3 Rac8 23.g4 Na7 24.Rb4 Nb5 25.Kg2 Rc2
26.Rc1 Rxc1 27.Bxc1 Rc8 28.Be3 Rc2 1/2-1/2

[Event "II. Magyar E-mail Döntõ"]
[Site "E4EC"]
[Date "2005.01.07"]
[Round "1"]
[White "Jánosi, Ervin"]
[Black "Biró, István"]
[Board "7101"]
[TimeControl "10/50"]
[WhiteElo "2385"]
[BlackElo "1896"]
[WhiteCountry "HUN"]
[BlackCountry "HUN"]
[Result "1/2-1/2"]

1.c4 Nf6 2.g3 g6 3.Nf3 Bg7 4.Bg2 O-O 5.d4 c5 6.O-O cxd4 7.Nxd4 Nc6
8.Nc3 Qb6 9.Nc2 d6 10.b3 Qc5 11.e4 Bg4 12.Ne2 Bd7 13.Be3 Qa5 14.h3 Ne8
15.Ned4 Rc8 16.Qe1 Qc7 17.Rd1 Nxd4 18.Nxd4 a6 19.Qd2 b5 20.cxb5 axb5
21.Rc1 Qd8 22.f4 Nf6 23.Rxc8 Qxc8 24.Rc1 Qe8 25.Qd3 e5 26.Ne2 Qb8
27.Rd1 Qa8 1/2-1/2

[Event "II. Magyar E-mail Döntõ"]
[Site "E4EC"]
[Date "2004.12.27"]
[Round "1"]
[White "Darvasi, Ferenc"]
[Black "Vecsei, Vilmos"]
[Board "7102"]
[TimeControl "10/50"]
[WhiteElo "2315"]
[BlackElo "1913"]
[WhiteCountry "HUN"]
[BlackCountry "HUN"]
[Result "1-0"]

1.d4 c6 2.c4 d5 3.Nf3 Nf6 4.Nc3 e6 5.e3 a6 6.b3 Bb4 7.Bd2 Nbd7
8.Bd3 O-O 9.O-O Qe7 10.Qc2 dxc4 11.bxc4 e5 12.Bf5 Re8 13.c5 Ba5
14.Nd5 Nxd5 15.Bxa5 e4 16.Bxd7 Bxd7 17.Ne5 Bf5 18.Rab1 Rab8 19.Rb3 Qe6
20.Rfb1 Re7 21.R1b2 f6 22.Nc4 Bg4 23.Qb1 Qd7 24.Nb6 Nxb6 25.Rxb6 f5
26.Bc3 g5 27.Rxa6 f4 28.Ra7 f3 29.a4 fxg2 30.a5 Qd5 31.a6 Bc8
32.axb7 Be6 33.Ra8 Ree8 34.Qa1 1-0

[Event "II. Magyar E-mail Döntõ"]
[Site "E4EC"]
[Date "2004.12.28"]
[Round "1"]
[White "Darvasi, Ferenc"]
[Black "Magó, Zsolt"]
[Board "7103"]
[TimeControl "10/50"]
[WhiteElo "2315"]
[BlackElo "1848"]
[WhiteCountry "HUN"]
[BlackCountry "HUN"]
[Result "0-1"]

1.d4 Nf6 2.c4 e6 3.Nf3 b6 4.a3 Ba6 5.Qc2 Bb7 6.Nc3 c5 7.e4 cxd4
8.Nxd4 Nc6 9.Nxc6 Bxc6 10.Bf4 Bc5 11.Be2 O-O 12.Rd1 e5 13.Bg5 Bd4
14.Nd5 Bxd5 15.exd5 h6 16.Bh4 Rc8 17.O-O Qe7 18.Qb1 b5 19.cxb5 Qd6
20.Bxf6 Qxf6 21.Kh1 g6 22.Qe4 Bxb2 23.Qe3 Rc2 24.Bg4 Qh4 25.Bxd7 Bd4
26.Qd3 Rxf2 27.Rxf2 Bxf2 28.Bc6 e4 29.Qe2 Rd8 30.Rc1 e3 31.Rc4 Qf6
32.Rc1 Qd4 33.Rb1 Rd6 34.Rd1 Qe5 35.b6 axb6 36.a4 Rf6 37.Bb5 Bh4
38.Rf1 Rxf1+ 39.Qxf1 Qxd5 40.Bc4 Qd7 41.g3 Qc6+ 42.Kg1 Bf6 43.Qd3 Kg7
44.Qd5 Qe8 45.Kf1 e2+ 46.Bxe2 Qxa4 47.Bc4 Qe8 48.Kg2 Qe7 49.Kf3 Be5
50.Kg2 Qf6 51.Qf3 Qxf3+ 52.Kxf3 f5 53.h3 h5 54.h4 g5 55.hxg5 Kg6
56.Bb5 Kxg5 57.Be8 h4 58.gxh4+ Kxh4 59.Bd7 Kg5 60.Ke3 Kg4 61.Ke2 Kf4
62.Kd3 Bg7 63.Be6 b5 64.Bd7 b4 65.Be6 Kg5 66.Ke3 f4+ 67.Ke2 Bh6
68.Bd5 Kg4 69.Kf2 Kf5 70.Ke2 Ke5 71.Bb3 Kd4 72.Bc2 Kc3 73.Be4 b3
74.Kd1 Kd4 75.Bf5 Ke3 76.Bg6 f3 77.Ke1 Bf4 78.Bh7 Bg3+ 79.Kf1 b2 0-1

[Event "II. Magyar E-mail Döntõ"]
[Site "E4EC"]
[Date "2004.12.30"]
[Round "1"]
[White "Darvasi, Ferenc"]
[Black "Tóth, József"]
[Board "7104"]
[TimeControl "10/50"]
[WhiteElo "2315"]
[BlackElo "2133"]
[WhiteCountry "HUN"]
[BlackCountry "HUN"]
[Result "1-0"]

1.d4 Nf6 2.Bg5 Ne4 3.Bf4 d5 4.f3 Nf6 5.e4 e6 6.e5 Nfd7 7.Be3 c5
8.c3 Be7 9.f4 O-O 10.Nf3 b6 11.Nbd2 a5 12.a4 Ba6 13.Bb5 Qc8 14.O-O Nc6
15.Qe2 Re8 16.b3 cxd4 17.Nxd4 Nxd4 18.Bxd4 Bxb5 19.Qxb5 Qb7
20.Rae1 Bc5 21.Nf3 Bxd4+ 22.Nxd4 Qc7 23.Re3 Nc5 24.Rff3 Ne4
25.Rh3 Rac8 26.Qe2 Qc5 27.Qe1 Qa3 28.Qb1 Red8 29.Nb5 Qc5 30.Qd3 Rb8
31.Nd4 Rdc8 32.Rhf3 Re8 33.Rh3 Rbd8 34.Qb1 Ra8 35.g4 h6 36.Qd1 g6
37.Qe1 Kg7 38.Qh4 Rh8 39.Kg2 Rae8 40.Qe1 Qe7 41.Qe2 f5 42.Kf1 fxg4
43.Qxg4 Qf7 44.Kg2 h5 45.Qh4 Rhf8 46.Ref3 Qe7 47.Qe1 Qa3 48.Qe2 Qc1
49.Rf1 Qd2 50.Qxd2 Nxd2 51.Rd1 Ne4 52.Rf3 Kf7 53.h4 Ke7 54.c4 Rc8
55.Ne2 Rcd8 56.Rc1 Rc8 57.Re3 Rfd8 58.Rd1 Nc5 59.cxd5 exd5 60.Rg3 Kf7
61.Nd4 Ne4 62.Re3 Rc4 63.bxc4 1-0

[Event "II. Magyar E-mail Döntõ"]
[Site "E4EC"]
[Date "2005.01.07"]
[Round "1"]
[White "Darvasi, Ferenc"]
[Black "Szabó, Zoltán"]
[Board "7105"]
[TimeControl "10/50"]
[WhiteElo "2315"]
[BlackElo "1834"]
[WhiteCountry "HUN"]
[BlackCountry "HUN"]
[Result "1-0"]

1.d4 Nf6 2.Bg5 Ne4 3.Bf4 c5 4.f3 Qa5+ 5.c3 Nf6 6.d5 Qb6 7.b3 e6
8.e4 exd5 9.exd5 Bd6 10.Bg5 Be7 11.Bc4 d6 12.Ne2 O-O 13.O-O Qd8
14.Be3 Nbd7 15.a4 Ne5 16.Na3 b6 17.Ra2 a6 18.Re1 Bb7 19.Rd2 Nxc4
20.Nxc4 b5 21.Na3 Qd7 22.Ng3 Bd8 23.Rd3 Re8 24.c4 Ba5 25.Re2 Bb4
26.Nb1 Re5 27.Nc3 Rae8 28.Nce4 Nxe4 29.fxe4 R5e7 30.Bf4 bxc4 31.Rde3 1-0

[Event "II. Magyar E-mail Döntõ"]
[Site "E4EC"]
[Date "2004.12.28"]
[Round "1"]
[White "Darvasi, Ferenc"]
[Black "Kresz, László"]
[Board "7106"]
[TimeControl "10/50"]
[WhiteElo "2315"]
[BlackElo "1800"]
[WhiteCountry "HUN"]
[BlackCountry "HUN"]
[Result "1/2-1/2"]

1.d4 d5 2.c4 e6 3.Nc3 Nf6 4.cxd5 exd5 5.Bg5 c6 6.e3 Be7 7.Bd3 Nbd7
8.Qc2 O-O 9.Nge2 Re8 10.O-O Nf8 11.f3 Ng6 12.Rad1 Be6 13.Ng3 Rc8
14.Rde1 c5 15.f4 Nf8 16.Nf5 Bxf5 17.Bxf5 Rc6 18.Qd1 h6 19.Bh4 Ne6
20.dxc5 Nxc5 21.Re2 Nce4 22.Nxd5 Nxd5 23.Bxe4 Rd6 24.Bxd5 Rxd5
25.Bxe7 Rxe7 26.Qe1 Re4 27.Qg3 Rd2 28.Qf3 Ra4 29.a3 Rc4 30.h3 Rcc2
31.Rxd2 Qxd2 32.Kh2 Qe2 33.Qxb7 Rxb2 34.Qa8+ Kh7 35.Qe4+ f5
36.Qxf5+ Kh8 37.Rg1 Qxe3 38.Kh1 Qxa3 39.Rd1 Rb8 40.Qe5 Rf8 41.Kh2 Qb4
42.Rd4 Qb8 43.Qxb8 Rxb8 44.Ra4 Rf8 45.Kg3 Rf7 46.Ra6 h5 47.Ra4 g6
48.Ra5 Kg7 49.Kf3 Re7 50.g4 hxg4+ 51.hxg4 Kf6 52.Ra6+ Kg7 53.Kg3 Rf7
54.Kf3 Re7 55.Kg3 Rf7 56.Kf3 Re7 1/2-1/2

[Event "II. Magyar E-mail Döntõ"]
[Site "E4EC"]
[Date "2004.12.27"]
[Round "1"]
[White "Darvasi, Ferenc"]
[Black "Szabó, Zsolt"]
[Board "7107"]
[TimeControl "10/50"]
[WhiteElo "2315"]
[BlackElo "2314"]
[WhiteCountry "HUN"]
[BlackCountry "HUN"]
[Result "1-0"]

1.f4 d5 2.Nf3 g6 3.e3 Bg7 4.Be2 Nf6 5.O-O O-O 6.d4 c5 7.c3 Nc6
8.Ne5 Bf5 9.Nd2 Qc7 10.g4 Be6 11.Bf3 b6 12.Qe2 Rad8 13.b4 Nxe5
14.fxe5 Nd7 15.Bb2 cxb4 16.cxb4 Qc2 17.Rab1 Bh6 18.b5 Rc8 19.h4 f6
20.Rfc1 Qa4 21.exf6 exf6 22.a3 Rfd8 23.Kg2 Re8 24.Qd3 Rxc1 25.Rxc1 Bf7
26.Nf1 Be6 27.Rc6 Kh8 28.Ng3 Bg8 29.Bc1 a6 30.Rd6 Rd8 31.bxa6 Bf8
32.Bd1 Qc4 33.Qxc4 dxc4 34.Rc6 Bd5+ 35.Bf3 Bxc6 36.Bxc6 Nb8
37.Bb7 Nxa6 38.Bxa6 Ra8 39.Bb5 Bxa3 40.Bd2 Be7 41.Bxc4 Ra4 42.Be6 Kg7
43.Ne4 b5 44.Kf3 Ra6 45.d5 b4 46.Bc1 h5 47.gxh5 gxh5 48.Ng3 b3
49.Nf5+ Kf8 50.Bb2 Ba3 51.Bxf6 Rb6 52.Bg7+ Ke8 53.d6 Bxd6
54.Nxd6+ Rxd6 55.Bxb3 Rg6 56.Be5 Rg1 57.Kf2 Rc1 58.Bf6 Rb1 59.Bd5 Rb6
60.Bg5 Kf8 61.Bf3 1-0

[Event "II. Magyar E-mail Döntõ"]
[Site "E4EC"]
[Date "2005.01.02"]
[Round "1"]
[White "Darvasi, Ferenc"]
[Black "Kovács, Arthur"]
[Board "7108"]
[TimeControl "10/50"]
[WhiteElo "2315"]
[BlackElo "2278"]
[WhiteCountry "HUN"]
[BlackCountry "HUN"]
[Result "1-0"]

1.d4 Nf6 2.c4 e6 3.Nf3 b6 4.a3 Bb7 5.Nc3 d5 6.Qc2 Be7 7.cxd5 Nxd5
8.Bd2 O-O 9.e4 Nxc3 10.Bxc3 Nd7 11.Rd1 Qc8 12.Bc4 c5 13.d5 exd5
14.exd5 Bf6 15.O-O Bxc3 16.Qxc3 Nf6 17.Ne5 Qf5 18.Rfe1 Rad8
19.Nc6 Bxc6 20.dxc6 Rxd1 21.Rxd1 Qf4 22.h3 Qc7 23.Qf3 Qc8 24.g4 h6
25.Rd6 Qc7 26.Rxf6 gxf6 27.Qxf6 Re8 28.Qg6+ Kf8 29.Qxh6+ 1-0

[Event "II. Magyar E-mail Döntõ"]
[Site "E4EC"]
[Date "2005.01.07"]
[Round "1"]
[White "Vecsei, Vilmos"]
[Black "Jánosi, Ervin"]
[Board "7109"]
[TimeControl "10/50"]
[WhiteElo "1913"]
[BlackElo "2385"]
[WhiteCountry "HUN"]
[BlackCountry "HUN"]
[Result "1/2-1/2"]

1.Nc3 c5 2.e4 Nc6 3.g3 g6 4.Bg2 Bg7 5.d3 d6 6.Nge2 e6 7.O-O Nge7
8.Be3 Nd4 9.Rb1 O-O 10.Qd2 Nec6 11.a3 a5 12.f4 b6 13.a4 Bb7
14.Bxd4 Nxd4 15.Nxd4 Bxd4+ 16.Kh1 Bg7 17.f5 Bf6 18.Nb5 Qe7
19.Rbe1 Rad8 20.c3 gxf5 21.exf5 d5 22.d4 cxd4 23.cxd4 Bc6 24.Bh3 Bxb5
25.axb5 Rd6 26.Re2 Kh8 27.Rfe1 Bg7 28.fxe6 fxe6 29.Rxe6 Rxe6
30.Bxe6 Qf6 1/2-1/2

[Event "II. Magyar E-mail Döntõ"]
[Site "E4EC"]
[Date "2004.12.27"]
[Round "1"]
[White "Vecsei, Vilmos"]
[Black "Száva, Miklós"]
[Board "7110"]
[TimeControl "10/50"]
[WhiteElo "1913"]
[BlackElo "2021"]
[WhiteCountry "HUN"]
[BlackCountry "HUN"]
[Result "1/2-1/2"]

1.e4 c5 2.Nf3 Nc6 3.d4 cxd4 4.Nxd4 Nf6 5.Nc3 e5 6.Ndb5 d6 7.Bg5 a6
8.Na3 b5 9.Nd5 Be7 10.Bxf6 Bxf6 11.c3 O-O 12.Nc2 Bg5 13.Be2 Ne7
14.Ncb4 a5 15.Nxe7+ Qxe7 16.Nd5 Qb7 17.Qd3 b4 18.cxb4 axb4 19.Qg3 Bh6
20.O-O f5 21.Qb3 Kh8 22.Qxb4 Qxb4 23.Nxb4 Rb8 24.a3 fxe4 25.Rfd1 e3
26.f3 Rb6 27.Rac1 Bb7 28.Rc2 Rb8 29.Kf1 g6 30.Rc7 Rf8 31.Rd7 e4
32.R1xd6 Rxd6 33.Rxd6 exf3 34.gxf3 Bxf3 35.Nd3 Be4+ 36.Ke1 Bf5
37.a4 Rb8 38.Kf1 Bg7 39.a5 Bxb2 40.Rb6 Rxb6 41.axb6 Ba3 42.b7 Bd6
43.h4 Kg7 44.Nc5 Kf6 45.Bg4 h5 46.Nd7+ Ke6 47.Bxf5+ gxf5 48.b8=Q Bxb8
49.Nxb8 f4 50.Ke2 Kf5 1/2-1/2

[Event "II. Magyar E-mail Döntõ"]
[Site "E4EC"]
[Date "2004.12.27"]
[Round "1"]
[White "Vecsei, Vilmos"]
[Black "Oltean, Gusztav"]
[Board "7111"]
[TimeControl "10/50"]
[WhiteElo "1913"]
[BlackElo "2069"]
[WhiteCountry "HUN"]
[BlackCountry "HUN"]
[Result "1/2-1/2"]

1.e4 c5 2.Nf3 e6 3.d4 cxd4 4.Nxd4 a6 5.Nc3 Qc7 6.Bd3 Nf6 7.f4 d6
8.Qf3 Nbd7 9.Be3 b5 10.O-O Bb7 11.a3 Be7 12.Rae1 O-O 13.Qh3 Nc5
14.Bf2 Rad8 15.Nb3 Nxd3 16.cxd3 e5 17.Rc1 Qd7 18.f5 Rc8 19.Bg3 Rfe8
20.Kh1 Bd8 21.Bh4 d5 22.Rfd1 d4 23.Ne2 Be7 24.Bxf6 Bxf6 25.Nc5 Qe7
26.b4 Bc6 27.Ng3 Bg5 28.Rc2 a5 29.Rf1 axb4 30.axb4 f6 31.Ne6 Be3
32.Nh5 Bh6 33.Qg4 Bb7 34.Nc5 Rc7 35.Ra1 Ra8 1/2-1/2

[Event "II. Magyar E-mail Döntõ"]
[Site "E4EC"]
[Date "2004.12.29"]
[Round "1"]
[White "Vecsei, Vilmos"]
[Black "Lakatos, András"]
[Board "7112"]
[TimeControl "10/50"]
[WhiteElo "1913"]
[BlackElo "2222"]
[WhiteCountry "HUN"]
[BlackCountry "HUN"]
[Result "0-1"]

1.g3 Nf6 2.Nf3 e6 3.Bg2 d5 4.O-O Be7 5.d3 O-O 6.Nbd2 c5 7.e4 Nc6
8.Re1 Qc7 9.e5 Nd7 10.Qe2 b5 11.Nf1 a5 12.h4 Ba6 13.Bf4 b4 14.Ne3 Nb6
15.Ng4 Qd8 16.h5 h6 17.Qd2 Nd4 18.Nxh6+ gxh6 19.Bxh6 Nxf3+ 20.Bxf3 Re8
21.Qf4 Bf8 22.Bxf8 Rxf8 23.Qh6 Ra7 24.a3 b3 25.cxb3 Bxd3 26.Qe3 Bc2
27.Qc3 Bf5 28.g4 Be4 29.Bxe4 dxe4 30.Qxc5 Rd7 31.Rxe4 Nd5 32.Rae1 Qh4
33.Qb5 Rfd8 34.Qe2 Qg5 35.Qf3 Rb7 36.Rd4 Rc8 37.Rc4 Rcb8 38.b4 axb4
39.a4 b3 40.Ree4 Qd2 41.Qe2 Qxe2 42.Rxe2 Nb6 43.Rb4 Nd7 44.Rd4 Ra7
45.g5 Nc5 46.Rc4 Nxa4 47.Kg2 Rd8 48.Rb4 Nc5 49.Rb5 Nd3 50.Re3 Nf4+
51.Kf3 Nxh5 52.Rexb3 Kg7 53.Rb8 Rd4 54.Ke3 Raa4 55.f3 Nf4 56.Ra3 Rac4 0-1

[Event "II. Magyar E-mail Döntõ"]
[Site "E4EC"]
[Date "2004.12.27"]
[Round "1"]
[White "Vecsei, Vilmos"]
[Black "Tímár, Zsolt"]
[Board "7113"]
[TimeControl "10/50"]
[WhiteElo "1913"]
[BlackElo "2461"]
[WhiteCountry "HUN"]
[BlackCountry "HUN"]
[Result "1-0"]

1.e4 c5 2.Nf3 d6 3.d4 cxd4 4.Nxd4 Nf6 5.Nc3 g6 6.Be3 Bg7 7.f3 O-O
8.Qd2 Nc6 9.Bc4 Bd7 10.O-O-O Qa5 11.Kb1 1-0

[Event "II. Magyar E-mail Döntõ"]
[Site "E4EC"]
[Date "2005.01.01"]
[Round "1"]
[White "Vecsei, Vilmos"]
[Black "Csólig, Róbert"]
[Board "7114"]
[TimeControl "10/50"]
[WhiteElo "1913"]
[BlackElo "2150"]
[WhiteCountry "HUN"]
[BlackCountry "HUN"]
[Result "1/2-1/2"]

1.b3 e5 2.Bb2 Nc6 3.e3 d5 4.Bb5 Bd6 5.Nf3 Qe7 6.d4 e4 7.Ne5 Qg5
8.g3 Nge7 9.Nxc6 Nxc6 10.h4 Qf5 11.h5 h6 12.Ba3 O-O 13.Bxd6 cxd6
14.Nd2 Be6 15.c3 Ne7 16.Be2 Rfc8 17.c4 dxc4 18.bxc4 d5 19.c5 b6
20.Nb3 Rab8 21.Rh4 Qg5 22.Rf4 Nc6 23.Kf1 Nd8 24.Rc1 Bh3+ 25.Kg1 Ne6
26.Rh4 Bf5 27.Qd2 Qe7 28.Qb4 a5 29.Qa4 bxc5 30.dxc5 Nxc5 31.Qa3 Rb4
32.Qxa5 Nxb3 33.Rxc8+ Bxc8 34.axb3 Be6 35.Bd1 Rb8 36.Qa1 Qb4
37.Kg2 Rc8 38.Qb2 Rc3 39.Qa1 Qc5 40.Qa4 Qb6 41.Bg4 Bxg4 1/2-1/2

[Event "II. Magyar E-mail Döntõ"]
[Site "E4EC"]
[Date "2004.12.27"]
[Round "1"]
[White "Vecsei, Vilmos"]
[Black "Biró, István"]
[Board "7115"]
[TimeControl "10/50"]
[WhiteElo "1913"]
[BlackElo "1896"]
[WhiteCountry "HUN"]
[BlackCountry "HUN"]
[Result "0-1"]

1.e4 e5 2.Nf3 Nc6 3.d4 exd4 4.Nxd4 Bc5 5.Be3 Qf6 6.c3 Nge7 7.Bc4 Ne5
8.Be2 Qg6 9.O-O d6 10.f3 O-O 11.Kh1 f5 12.Nd2 fxe4 13.Qb3+ Kh8
14.fxe4 Bg4 15.Bxg4 Nxg4 16.Bg1 Bb6 17.Qe6 Rfe8 18.Qxg6 Nxg6 19.a4 Nf6
20.a5 Bxd4 21.cxd4 Nxe4 22.Nxe4 Rxe4 23.Rac1 Rc8 24.a6 b6 25.b4 Kg8
26.b5 Ne7 27.Rc2 c6 28.bxc6 Rxc6 29.Rfc1 Rxc2 30.Rxc2 Nd5 31.Rc8+ Kf7
32.Rd8 Nc7 33.Rd7+ Re7 34.Rxd6 Nxa6 35.h4 Nb4 36.Rd8 Ke6 37.Bh2 Rd7
38.Rh8 h6 0-1

[Event "II. Magyar E-mail Döntõ"]
[Site "E4EC"]
[Date "2004.12.27"]
[Round "1"]
[White "Száva, Miklós"]
[Black "Darvasi, Ferenc"]
[Board "7116"]
[TimeControl "10/50"]
[WhiteElo "2021"]
[BlackElo "2315"]
[WhiteCountry "HUN"]
[BlackCountry "HUN"]
[Result "1/2-1/2"]

1.e4 c5 2.Nf3 d6 3.d4 cxd4 4.Nxd4 Nf6 5.Nc3 a6 6.Bg5 e6 7.f4 Qc7
8.Qf3 b5 9.Bxf6 gxf6 10.O-O-O b4 11.Nce2 Nd7 12.Qh5 Nc5 13.Ng3 Bb7
14.f5 O-O-O 15.fxe6 fxe6 16.Qh3 Qg7 17.Nxe6 Qh6+ 18.Nf4+ Qxh3
19.Nxh3 d5 20.exd5 Rxd5 21.Rxd5 Bxd5 22.Kb1 Bb7 23.Nf4 Bd6 24.Ngh5 Rd8
25.Bd3 Nxd3 26.cxd3 Be5 27.b3 Rd6 28.Rf1 Bc6 29.Kc2 Bb5 30.h3 Rd7
31.g4 Rd4 32.Kd2 a5 33.Ke3 Rd7 34.Rd1 Bd4+ 35.Kd2 Be5 36.Rc1+ Kb7
37.Rc5 Bc6 38.Ne2 Kb6 39.Rc1 Bb5 40.Nhf4 Bc7 41.Ke3 Re7+ 42.Kf2 Rd7
43.Rd1 a4 44.Rd2 axb3 45.axb3 Bc6 46.d4 Bd6 47.Nh5 Bd5 48.Rd3 Kc6
49.Neg3 Bxg3+ 50.Kxg3 Rd6 51.Kf4 Kd7 52.Ng3 Re6 53.Rd1 Kd8 54.Ra1 Rb6
55.Rb1 Rc6 56.Ne4 Bxe4 57.Kxe4 Rc3 58.h4 Rg3 59.Kf4 Rh3 60.h5 Kd7
61.Kf5 Rf3+ 62.Ke4 Rg3 63.Kd5 Rxg4 64.Rf1 Rg5+ 65.Kc4 Ke7 66.h6 Rh5
67.Kxb4 Rxh6 68.Kc5 Rh2 69.Re1+ Kd7 70.Rg1 f5 71.Rg7+ Ke6 72.d5+ Kf6
73.Rg8 Ke7 74.d6+ Ke6 75.Re8+ Kd7 76.Re7+ Kd8 77.b4 1/2-1/2

[Event "II. Magyar E-mail Döntõ"]
[Site "E4EC"]
[Date "2004.12.28"]
[Round "1"]
[White "Száva, Miklós"]
[Black "Magó, Zsolt"]
[Board "7117"]
[TimeControl "10/50"]
[WhiteElo "2021"]
[BlackElo "1848"]
[WhiteCountry "HUN"]
[BlackCountry "HUN"]
[Result "0-1"]

1.e4 c5 2.Nf3 d6 3.d4 cxd4 4.Nxd4 Nf6 5.Nc3 g6 6.Be3 Bg7 7.f3 Nc6
8.Qd2 O-O 9.Bc4 Bd7 10.O-O-O Rc8 11.h4 Nxd4 0-1

[Event "II. Magyar E-mail Döntõ"]
[Site "E4EC"]
[Date "2004.12.30"]
[Round "1"]
[White "Száva, Miklós"]
[Black "Tóth, József"]
[Board "7118"]
[TimeControl "10/50"]
[WhiteElo "2021"]
[BlackElo "2133"]
[WhiteCountry "HUN"]
[BlackCountry "HUN"]
[Result "1-0"]

1.e4 e5 2.Nf3 Nc6 3.Bb5 Bc5 4.c3 f5 5.exf5 e4 6.d4 exf3 7.dxc5 Qe7+
8.Be3 fxg2 9.Rg1 Nf6 10.Nd2 d5 11.cxd6 cxd6 12.Qc2 O-O 13.Rxg2 Ne8
14.f6 Nxf6 15.O-O-O Kh8 16.Rdg1 Rf7 17.Nf3 Bd7 18.Bc4 d5 19.Bd3 g6
20.Bxg6 Rg7 21.Nh4 d4 22.Bh6 Rgg8 23.Bg5 Ne5 24.Bf5 Bc6 25.Rg3 Rad8
26.Qd2 dxc3 27.Qxc3 Bd7 28.Kb1 1-0

[Event "II. Magyar E-mail Döntõ"]
[Site "E4EC"]
[Date "2005.01.07"]
[Round "1"]
[White "Száva, Miklós"]
[Black "Szabó, Zoltán"]
[Board "7119"]
[TimeControl "10/50"]
[WhiteElo "2021"]
[BlackElo "1834"]
[WhiteCountry "HUN"]
[BlackCountry "HUN"]
[Result "1-0"]

1.e4 c6 2.d4 d5 3.e5 Bf5 4.h4 h5 5.c4 e6 6.cxd5 cxd5 7.Nc3 Nc6
8.Bb5 Rc8 9.Nge2 a6 10.Bd3 Nge7 11.Bg5 Bxd3 12.Qxd3 Qd7 13.Ng3 Qc7
14.O-O Ng6 15.Rfd1 Qb6 16.Qd2 Be7 17.Bxe7 Ncxe7 18.Na4 Qc7 19.Rac1 Nc6
20.Nc5 Qe7 21.Rc3 Nxh4 22.Rdc1 Ng6 23.Rb3 Rc7 24.Nxb7 Rxb7
25.Rxc6 Rxb3 26.axb3 Qb7 27.Qc3 Ne7 28.Rc7 Qb6 29.Ne2 h4 30.b4 Kd8
31.Rc5 Kd7 32.b5 Rc8 33.Rxc8 Nxc8 34.bxa6 Qc6 35.Qa3 Qb6 36.Kh2 g5
37.Kh3 Ke8 38.b3 Qb5 39.Qa4 Qxa4 40.bxa4 f5 41.f4 gxf4 42.Nxf4 Ke7
43.Kxh4 Na7 44.Nd3 Nc8 45.Nc5 f4 46.Kg4 f3 47.Kxf3 Na7 48.g4 Nc6
49.Kf4 Kd8 50.Nxe6+ Kc8 51.Kf5 Kb8 52.g5 1-0

[Event "II. Magyar E-mail Döntõ"]
[Site "E4EC"]
[Date "2004.12.28"]
[Round "1"]
[White "Száva, Miklós"]
[Black "Kresz, László"]
[Board "7120"]
[TimeControl "10/50"]
[WhiteElo "2021"]
[BlackElo "1800"]
[WhiteCountry "HUN"]
[BlackCountry "HUN"]
[Result "1/2-1/2"]

1.e4 e5 2.Nf3 Nc6 3.Bc4 Nf6 4.d4 exd4 5.O-O Nxe4 6.Re1 d5 7.Bxd5 Qxd5
8.Nc3 Qa5 9.Nxe4 Be6 10.Neg5 O-O-O 11.Nxe6 fxe6 12.Rxe6 Bd6
13.Bg5 Rdf8 14.Qe2 h6 15.Bd2 Qf5 16.Re4 g5 17.a3 Rf6 18.b4 Rhf8
19.Re1 a6 20.a4 g4 21.Nxd4 Nxd4 22.Rxd4 Qxf2+ 23.Qxf2 Rxf2
24.Bxh6 R8f7 25.c3 Rc2 26.Rc1 g3 27.hxg3 Rxc1+ 28.Bxc1 Bxg3
29.Rd3 Bf2+ 30.Kh2 Rh7+ 31.Rh3 Rxh3+ 32.gxh3 Be1 33.Bb2 b5 34.a5 Kd7
35.Kg2 Bh4 36.Kf3 c5 37.Kg4 Be7 38.bxc5 Bf6 39.Kf5 Bd8 40.Ke5 Kc6
41.Kd4 Bf6+ 42.Ke3 Kxc5 43.Kd2 Kc4 44.Kc2 Bd8 45.Bc1 Bxa5 46.h4 Bxc3
47.h5 Bg7 48.h6 Bxh6 49.Bxh6 a5 50.Bd2 a4 51.Kb2 Kd5 52.Ka3 Kc4
53.Bb4 Kd3 54.Bf8 Kc3 55.Bb4+ Kd4 56.Bf8 Kc4 57.Bb4 Kd4 58.Bf8 Kd5
59.Bb4 Kc6 60.Bf8 1/2-1/2

[Event "II. Magyar E-mail Döntõ"]
[Site "E4EC"]
[Date "2004.12.27"]
[Round "1"]
[White "Száva, Miklós"]
[Black "Szabó, Zsolt"]
[Board "7121"]
[TimeControl "10/50"]
[WhiteElo "2021"]
[BlackElo "2314"]
[WhiteCountry "HUN"]
[BlackCountry "HUN"]
[Result "1/2-1/2"]

1.e4 e5 2.Nf3 Nc6 3.Bc4 Nf6 4.Ng5 d5 5.exd5 Na5 6.Bb5+ c6 7.dxc6 bxc6
8.Qf3 Rb8 9.Be2 Be7 10.Ne4 Nd5 11.d4 f5 12.Nec3 Nb4 13.Na3 Qxd4
14.O-O O-O 15.Rd1 Qb6 16.Nc4 Nxc4 17.Bxc4+ Kh8 18.Qe2 Ba6 19.Bxa6 Qxa6
20.Qxa6 Nxa6 21.Rd7 Bd8 22.Rxa7 Nb4 23.Bd2 Nxc2 24.Rc1 Nb4 25.Nd1 Nd3
26.Rxc6 Nxb2 27.Ne3 f4 28.Ng4 Nd3 29.Kf1 h5 30.Rd7 Rb1+ 31.Ke2 hxg4
32.Kxd3 Bf6 33.g3 Ra1 34.Ke4 fxg3 35.hxg3 Rxa2 36.Re6 Kh7 37.Kf5 Bh4+
38.Kxg4 1/2-1/2

[Event "II. Magyar E-mail Döntõ"]
[Site "E4EC"]
[Date "2005.01.02"]
[Round "1"]
[White "Száva, Miklós"]
[Black "Kovács, Arthur"]
[Board "7122"]
[TimeControl "10/50"]
[WhiteElo "2021"]
[BlackElo "2278"]
[WhiteCountry "HUN"]
[BlackCountry "HUN"]
[Result "0-1"]

1.e4 e5 2.Nf3 Nc6 3.Bb5 a6 4.Ba4 Nf6 5.d4 exd4 6.O-O Be7 7.Re1 b5
8.Bb3 d6 9.Bd5 Nxd5 10.exd5 Ne5 11.Nxd4 O-O 12.Nc3 Bf6 13.Ne4 Bb7
14.Nf5 Re8 15.a4 b4 16.c3 bxc3 17.bxc3 Bc8 18.Nfg3 Bh4 19.Bf4 Ng6
20.Qd2 Nxf4 21.Qxf4 Re5 22.c4 Qe7 23.Qd2 f5 24.Nc3 Bg5 25.Rxe5 dxe5
26.Qb2 e4 27.Rb1 Bf6 28.Qb3 Bd7 29.d6 Qxd6 30.Nd5 Rf8 31.c5 Qe6
32.Nxf5 Kh8 33.Nfe3 Be5 34.Qc4 Qe8 35.Qxa6 Qh5 36.g3 c6 37.Nf4 Bxf4
38.gxf4 Qf3 39.Qc4 h6 40.f5 Bxf5 41.Re1 Bg4 42.Qf1 Bh5 43.Qg2 Qf6
44.h3 Bf3 45.Qg3 Qb2 46.Qc7 Rf6 47.Qg3 Kh7 48.Kh2 Rg6 49.Ng4 Rg5
50.Rg1 h5 0-1